 Dungeon Crawl Stone Soup version 0.28-a0-1087-gf3fc490d9d (webtiles) character file.

Game seed: 412223741897519194

110 mainiacjoe the Firebug (level 4, -1/33 HPs)
             Began as a Hill Orc Fire Elementalist on Dec 10, 2021.
             Slain by a black bear (7 damage)
             ... on level 4 of the Dungeon.
             The game lasted 00:06:15 (2984 turns).

mainiacjoe the Firebug (Hill Orc Fire Elementalist) Turns: 2984, Time: 00:06:17

Health: -1/33      AC:  2    Str: 10    XL:     4   Next: 91%
Magic:  0/7        EV: 12    Int: 17    God:
Gold:   73         SH:  0    Dex: 11    Spells: 1/7 levels left

rFire   . . .      SeeInvis .   v - +0 flail
rCold   . . .      Faith    .   (no shield)
rNeg    + . .      Spirit   .   b - +0 robe {Will+}
rPois   .          Reflect  .   (no helmet)
rElec   .          Harm     .   (no cloak)
rCorr   .          Rampage  .   (no gloves)
Will    +....                   (no boots)
Stlth   ++........              q - amulet of the acrobat
HPRegen 0.11/turn               s - ring of positive energy
MPRegen 0.10/turn               (no ring)

@: no status effects
A: no striking features
a: no special abilities


You were on level 4 of the Dungeon.
You visited 1 branch of the dungeon, and saw 4 of its levels.

You collected 73 gold pieces.

Inventory:

Hand Weapons
 a - a +1 dagger of protection
 d - a +0 dagger
 f - a +0 whip
 v - a +0 flail (weapon)
Missiles
 j - 18 arrows
 l - 27 bolts
 m - 84 stones
 u - 17 sling bullets
Armour
 b - a +0 robe of willpower (worn)
 h - a +0 robe
Jewellery
 q - an amulet of the acrobat (around neck)
 s - a ring of positive energy (left hand)
Scrolls
 c - a scroll of identify {unknown}
 k - a scroll of torment {unknown}
 t - a scroll of magic mapping {unknown}
Potions
 e - a potion of flight {unknown}
 g - a potion of might {unknown}
 i - 3 potions of curing {unknown}
 n - a potion of resistance {unknown}
 o - a potion of brilliance {unknown}
 p - a potion of haste {unknown}
 r - a potion of heal wounds {unknown}


   Skills:
 - Level 1.5 Dodging
 - Level 1.5 Stealth
 + Level 2.3 Spellcasting
 + Level 2.2 Conjurations
 * Level 4.8 Fire Magic


You had one spell level left.
You knew the following spells:

 Your Spells              Type           Power      Damage    Failure   Level
a - Foxfire               Conj/Fire      56%        2x1d6     4%          1
b - Scorch                Fire           36%        2d7       3%          2
c - Conjure Flame         Conj/Fire      14%        6-21      13%         3

Your spell library contained the following spells:

 Spells                   Type           Power      Damage    Failure   Level
 Inner Flame              Hex/Fire       10%        N/A       22%         3
 Flame Wave               Conj/Fire      14%        2d5       41%         4


Dungeon Overview and Level Annotations

Branches:
Dungeon (3/15)

Altars:

Shops:
D:1 =


Message History

Confirm with . or Enter, or press ? or * to list all spells.
Flames lash the black bear.
The black bear is heavily wounded.
The black bear's fire resistance burns away.
The foxfire hits the black bear but does no damage.
The black bear is heavily wounded.
The foxfire hits the black bear.
The black bear is burned terribly!
The black bear is heavily wounded.
Casting: Scorch (safe; 4% risk of failure)
Confirm with . or Enter, or press ? or * to list all spells.
You conjure some foxfire!
Casting: Foxfire (safe; 4% risk of failure)
Confirm with . or Enter, or press ? or * to list all spells.
Flames lash the giant cockroach.
You kill the giant cockroach!
The foxfire hits the black bear.
The black bear is burned terribly!
The black bear is severely wounded.
The foxfire hits the black bear.
The black bear is severely wounded.
The black bear goes berserk!
The black bear is no longer more vulnerable to fire.
The black bear misses you. The black bear barely misses you.
The black bear claws you. The black bear misses you. The black bear claws you.
The black bear closely misses you. The black bear completely misses you.
The black bear misses you. The black bear closely misses you.
An iguana comes into view.
The adder skeleton completely misses you.
The black bear bites you! The black bear closely misses you.
The black bear completely misses you.
Found a blackened bone ring.
Casting: Scorch (safe; 3% risk of failure)
Confirm with . or Enter, or press ? or * to list all spells.
You conjure some foxfire!
The black bear closely misses you.
The black bear claws you but does no damage.
The black bear completely misses you. The iguana bites you!
* * * LOW HITPOINT WARNING * * *
The black bear barely misses you. The black bear claws you!
You die...

............#
............#
............#
...........##
...........#
...........#
...........##
.......Zh..###
......v@....#
......vl........
#...............
##..............
###.......#....
##.....#.....
#....###=...
##..## #.


You could see a black bear (berserk), an iguana (ally target) and an adder
skeleton (ally target).

Vanquished Creatures
  2 gnolls
  2 adders (D:2)
  A worm (D:2)
  2 dart slugs (D:1)
  3 bats (D:1)
  6 endoplasms
  4 giant cockroaches
  5 goblins
  3 hobgoblins (D:1)
  11 jackals
  5 quokkas
  3 ball pythons
  A frilled lizard (D:1)
  3 kobolds
  7 rats
58 creatures vanquished.

Vanquished Creatures (others)
  117 foxfires
117 creatures vanquished.

Grand Total: 175 creatures vanquished

Notes
Turn   | Place    | Note
-------+----------+-------------------------------------------
     0 | D:1      | mainiacjoe the Hill Orc Fire Elementalist began the quest
                  | for the Orb.
     0 | D:1      | Reached XP level 1. HP: 14/14 MP: 3/3
   138 | D:1      | Reached XP level 2. HP: 20/20 MP: 1/4
   141 | D:1      | Learned a level 2 spell: Scorch
   672 | D:1      | Reached XP level 3. HP: 24/26 MP: 2/5
   740 | D:1      | Reached skill level 4 in Fire Magic
   955 | D:1      | Found Seaboata's Jewellery Shop.
  1212 | D:1      | Learned a level 3 spell: Conjure Flame
  1946 | D:2      | Reached XP level 4. HP: 33/33 MP: 5/7
  2149 | D:2      | Found a faded altar of an unknown god.
  2969 | D:3      | You fall into a shaft and drop 1 floor!
  2969 | D:4      | Noticed a black bear
  2984 | D:4      | Slain by a black bear

Illustrated notes

Levels and vault maps discovered:
D:1:      lightli_arrival_statue_moat, layout_basic, serial_shops, shop,
          grunt_decor_cap, st_stairs_5, minmay_misc_feat_diagonals,
          minmay_tromino_i4
D:2:      layout_rooms, ebering_ecumenical_altar_hall, grunt_ministairs_11,
          roderic_lattice_a, grunt_decor_arrowhead
D:3:      layout_basic, nemelex_diamond_rough_becter, serial_rivers,
          chequers_serial_rivers_marsh, chequers_serial_rivers_small_a,
          chequers_serial_rivers_marsh, chequers_serial_rivers_room_b,
          chequers_serial_rivers_marsh, chequers_serial_rivers_micro_e
D:4:      layout_cave_pods, grunt_dithmenos_smoke_and_mirrors,
          mrwooster_statue_mirror

Skill      XL: |  1  2  3  4 |
---------------+-------------+-----
Fire Magic     | 4 |  4.8
Spellcasting   | 2 |  2.3
Conjurations   | 2 |  2.2
Dodging        | |  1.5
Stealth        | |  1.5

Action                   |  1- 3 |  4- 6 || total
-------------------------+-------+-------++-------
Melee: Dagger            |    21 |       ||    21
       Whip              |     3 |       ||     3
 Cast: Foxfire           |    46 |    26 ||    72
       Scorch            |     5 |     9 ||    14
 Stab: Sleeping          |     2 |       ||     2
Armor: Robe              |     7 |     3 ||    10
Dodge: Dodged            |    29 |    19 ||    48

Table legend: (Time is in decaauts)
 A = Elapsed time spent in this place.
 B = Non-inter-level travel time spent in this place.
 C = Inter-level travel time spent in this place.
 D = Time resting spent in this place.
 E = Time spent auto-exploring this place.
 F = Levels seen in this place.
 G = Mean time per level.
                   A        B        C        D        E       F      G
               +--------+--------+--------+--------+--------+-----+--------+
         Total |   2983 |   2912 |     71 |    112 |   2408 |   4 |  745.8 |
       Dungeon |   2983 |   2912 |     71 |    112 |   2408 |   4 |  745.8 |
               +--------+--------+--------+--------+--------+-----+--------+

Top non-repeatable levels by time:
     D:1: 1711 daAuts
     D:2: 1224 daAuts
     D:3: 32 daAuts
     D:4: 14 daAuts
